[Event "WYCC 2018 O14"]
[Site "Halkidiki"]
[Date "2018.10.24"]
[Round "6"]
[White "Kouvidis, Ioannis"]
[Black "Wang, Alex"]
[Result "1-0"]
[ECO "B24"]
[WhiteElo "1896"]
[BlackElo "2076"]
[Annotator "NA"]
[PlyCount "71"]
[EventDate "2018.10.20"]
[EventType "swiss"]
[EventCountry "GRE"]
[SourceTitle "playchess.com"]
[Source "ChessBase"]
[SourceQuality "1"]
[TimeControl "40/5400+30:1800+30"]

1. e4 c5 2. Nc3 Nc6 3. g3 g6 4. Bg2 Bg7 5. d3 e6 6. Be3 d6 7. Qd2 Rb8 8. Nge2 Nd4 9. Nd1 b5 $11 {[%emt 0:14:36] LiveBook: 6 Games} 10. Nc1 b4 11. c3 Nc6 12. Ne2 Ba6 13. f3 Qa5 14. O-O Nge7 15. Nf2 O-O 16. h4 bxc3 17. bxc3 Qa3 18. Rfb1 Rfe8 19. h5 f5 20. hxg6 Nxg6 21. Qc2 Nce5 22. f4 Nd7 23. Rb3 Qa5 24. Rxb8 Rxb8 25. Rb1 Ne7 26. Rxb8+ Nxb8 27. Qb3 Nbc6 28. Qxe6+ Kf8 29. exf5 Bc8 30. Qxd6 Qxa2 31. Bxc6 Bxf5 32. Qd8+ Kf7 33. Be8+ Ke6 34. Qd7+ Kf6 35. Qd6+ Be6 36. Qe5# 1-0

[Event "WYCC 2018 O14"]
[Site "Halkidiki"]
[Date "2018.10.24"]
[Round "6"]
[White "Ngo, Duc Tri"]
[Black "Ognean, Mihnea-Ionut"]
[Result "0-1"]
[ECO "B30"]
[WhiteElo "1883"]
[BlackElo "2291"]
[Annotator "NA"]
[PlyCount "106"]
[EventDate "2018.10.20"]
[EventType "swiss"]
[EventCountry "GRE"]
[SourceTitle "playchess.com"]
[Source "ChessBase"]
[SourceQuality "1"]
[TimeControl "40/5400+30:1800+30"]

1. e4 c5 2. Nf3 Nc6 3. d3 g6 4. g3 Bg7 5. Bg2 e6 6. O-O Nge7 7. c3 O-O 8. Be3 b6 {[%emt 0:03:49] LiveBook: 66 Games} 9. Qc1 d5 10. exd5 Nxd5 11. Bh6 Bb7 12. Na3 Qd7 13. Re1 $11 Rad8 14. Qd2 Nde7 15. Bxg7 Kxg7 16. Rad1 Nf5 17. Qf4 f6 18. g4 e5 19. Qa4 Nfe7 20. h3 a6 21. g5 Qf5 22. Qg4 fxg5 23. Qxg5 Nd5 24. Qg3 Nf4 25. Nh4 Qe6 26. Nc4 b5 27. Nxe5 Nxe5 28. Bxb7 Nxh3+ 29. Kh2 Nxf2 30. Bf3 Nxf3+ 31. Nxf3 Qf6 32. Qxf2 Qxf3 33. Re7+ Kg8 34. Qe2 Qxe2+ 35. Rxe2 Rfe8 36. Rf2 Re3 37. d4 cxd4 38. cxd4 Kg7 39. d5 Rd6 40. Rc2 Re5 41. Rcd2 g5 42. Kg3 Kg6 43. Kf3 h5 44. Rd4 Kf5 45. a4 bxa4 46. Rxa4 Rexd5 47. Rxd5+ Rxd5 48. Rxa6 h4 49. b4 Rd3+ 50. Kf2 Rb3 51. Rb6 Kg4 52. b5 Rb2+ 53. Kg1 Kg3 0-1

[Event "WYCC 2018 O14"]
[Site "Halkidiki"]
[Date "2018.10.24"]
[Round "6"]
[White "Naqopia, Giorgi"]
[Black "Risteski, Emil"]
[Result "1-0"]
[ECO "B50"]
[WhiteElo "1857"]
[BlackElo "2120"]
[Annotator "NA"]
[PlyCount "89"]
[EventDate "2018.10.20"]
[EventType "swiss"]
[EventCountry "GRE"]
[SourceTitle "playchess.com"]
[Source "ChessBase"]
[SourceQuality "1"]
[TimeControl "40/5400+30:1800+30"]

1. e4 c5 2. Nf3 d6 3. c4 Bg4 4. Be2 Nc6 5. O-O g6 6. Nc3 Bg7 7. d3 e6 8. Be3 Bxf3 9. Bxf3 Nge7 10. Qd2 O-O 11. Bh6 Nd4 12. Bxg7 Kxg7 13. Be2 Nec6 14. f4 $15 a6 15. Rae1 b5 16. f5 exf5 17. exf5 Nxf5 18. Rxf5 gxf5 19. Bf3 Rc8 20. Bxc6 Rxc6 21. Nd5 f6 22. Re7+ Rf7 23. Rxf7+ Kxf7 24. Qh6 Qh8 25. Qh5+ Kf8 26. Qxf5 Qg7 27. Nxf6 Qf7 28. Nxh7+ Kg7 29. Qe4 d5 30. cxd5 Rg6 31. h4 Rh6 32. Ng5 Qf6 33. Ne6+ Kh8 34. Ng5 Kg7 35. g3 Qd4+ 36. Qxd4+ cxd4 37. Ne4 Rh8 38. b4 Rc8 39. Nc5 a5 40. d6 Kf6 41. d7 Rd8 42. bxa5 Ke7 43. a6 Rf8 44. Kg2 Kd6 45. d8=Q+ 1-0

[Event "WYCC 2018 O14"]
[Site "Halkidiki"]
[Date "2018.10.26"]
[Round "7"]
[White "Raja Rithvik R"]
[Black "Tengis, Tsog-Ochir"]
[Result "1/2-1/2"]
[ECO "A15"]
[WhiteElo "2421"]
[BlackElo "2205"]
[Annotator "NA RC"]
[PlyCount "44"]
[EventDate "2018.10.20"]
[EventType "swiss"]
[EventCountry "GRE"]
[SourceTitle "playchess.com"]
[Source "ChessBase"]
[SourceQuality "1"]
[TimeControl "40/5400+30:1800+30"]

1. c4 Nf6 2. Nf3 c6 3. Nc3 d5 4. e3 g6 5. d4 Bg7 6. Be2 O-O 7. O-O Ne4 {[%emt 0:03:44] LiveBook: 59 Games} 8. cxd5 {[%emt 0:04:39] D94: Grünfeld: 4 Nf3 Bg7 5 e3} (8. a4 b6 9. a5 Ba6 10. Nxe4 dxe4 11. Ng5 e5 12. Nxe4 exd4 13. exd4 Bxd4 14. Bg5 f6 15. Be3 c5 16. Bxd4 cxd4 {1-0 (40) Bu,X (2712)-Van Wely,L (2642) Batumi 2018}) 8... cxd5 9. Qb3 e6 $146 ({Predecessor:} 9... Nxc3 10. bxc3 Nc6 11. Ba3 b6 12. Rfc1 Na5 13. Qb4 Re8 14. h3 Bf8 15. Qb2 Qc7 {1-0 (39) Danielsen,H (2445)-Jelling,E (2400) Denmark 1993}) 10. Nxe4 dxe4 11. Nd2 f5 12. Nc4 Nc6 13. Bd2 f4 14. exf4 Nxd4 15. Qd1 b6 16. Ne5 Bxe5 17. fxe5 $11 Nxe2+ 18. Qxe2 Qd3 19. Rfe1 Qxe2 20. Rxe2 Bb7 21. Rc1 Rac8 22. Ree1 Bd5 1/2-1/2

[Event "WYCC 2018 O14"]
[Site "Halkidiki"]
[Date "2018.10.26"]
[Round "7"]
[White "Spyropoulos, Nikolaos"]
[Black "Runets, Ivan"]
[Result "1-0"]
[ECO "B84"]
[WhiteElo "2378"]
[BlackElo "2047"]
[Annotator "NA"]
[PlyCount "79"]
[EventDate "2018.10.20"]
[EventType "swiss"]
[EventCountry "GRE"]
[SourceTitle "playchess.com"]
[Source "ChessBase"]
[SourceQuality "1"]
[TimeControl "40/5400+30:1800+30"]

1. e4 c5 2. Nf3 d6 3. d4 cxd4 4. Nxd4 Nf6 5. Nc3 a6 6. Be2 e6 7. Be3 b5 8. Bf3 e5 9. Nf5 g6 10. Nh6 Be6 11. Qd2 Nbd7 12. O-O Be7 13. a3 Kf8 14. g4 Nb6 15. b3 Rc8 16. Rac1 Nbd7 17. Ne2 Nc5 18. Nc3 Qd7 19. Bg5 Ng8 20. Bxe7+ Qxe7 21. Bg2 Kg7 22. g5 f6 23. h4 Nxh6 24. gxh6+ Kf7 25. f4 exf4 26. Rxf4 Rhf8 27. Nd5 Bxd5 28. Qxd5+ Qe6 29. Qd2 Qe5 30. Rd1 Rcd8 31. Qf2 Kg8 32. Rd5 Qe7 33. Rd1 Rf7 34. b4 Ne6 35. Rf3 Nf8 36. Rfd3 Qc7 37. e5 Kh8 38. exd6 Qa7 39. Re3 Nd7 40. Re8+ {[%emt 0:00:00] Nb8} 1-0

[Event "WYCC 2018 O14"]
[Site "Halkidiki"]
[Date "2018.10.26"]
[Round "7"]
[White "Kacharava, Nikolozi"]
[Black "Vitenberg, Noam Aviv"]
[Result "1-0"]
[ECO "B10"]
[WhiteElo "2373"]
[BlackElo "2175"]
[Annotator "NA"]
[PlyCount "47"]
[EventDate "2018.10.20"]
[EventType "swiss"]
[EventCountry "GRE"]
[SourceTitle "playchess.com"]
[Source "ChessBase"]
[SourceQuality "1"]
[TimeControl "40/5400+30:1800+30"]

1. e4 c6 2. Nc3 d5 3. Nf3 Nf6 4. e5 Ne4 5. Ne2 Qb6 6. d4 e6 7. Nfg1 f6 8. f3 Ng5 9. exf6 gxf6 10. f4 Nf7 11. Nf3 e5 12. fxe5 fxe5 13. Ng3 Bg4 $11 14. Be2 Nd7 15. Ng5 Bxe2 16. Qxe2 Nxg5 17. Bxg5 Rg8 18. Qh5+ Rg6 19. O-O-O c5 20. dxe5 Nxe5 21. Rhe1 Kf7 22. Qxh7+ Bg7 23. Rxe5 Rxg5 24. Rf1+ 1-0

[Event "WYCC 2018 O14"]
[Site "Halkidiki"]
[Date "2018.10.26"]
[Round "7"]
[White "Pogosyan, Stefan"]
[Black "Avila Pavas, Santiago"]
[Result "0-1"]
[ECO "E63"]
[WhiteElo "2373"]
[BlackElo "2277"]
[Annotator "NA"]
[PlyCount "62"]
[EventDate "2018.10.20"]
[EventType "swiss"]
[EventCountry "GRE"]
[SourceTitle "playchess.com"]
[Source "ChessBase"]
[SourceQuality "1"]
[TimeControl "40/5400+30:1800+30"]

1. Nf3 g6 2. g3 Nf6 3. Bg2 Bg7 4. d4 O-O 5. O-O d6 6. c4 Nc6 7. Nc3 a6 8. d5 Na5 9. Nd2 c5 10. Qc2 Rb8 11. b3 $11 {[%emt 0:00:42] LiveBook: 796 Games} b5 12. Bb2 e5 13. dxe6 fxe6 14. cxb5 axb5 15. Rad1 Qe7 16. Nde4 b4 17. Nxf6+ Bxf6 18. Ne4 Bxb2 19. Qxb2 d5 20. Nd2 Ba6 21. Nf3 Nc6 22. h4 c4 23. bxc4 Bxc4 24. Rd2 Ra8 25. Qb1 Ra3 26. Ng5 Nd8 27. Re1 Qa7 28. e3 Qa5 29. f4 b3 30. axb3 Qxd2 31. bxc4 Ra2 0-1

[Event "WYCC 2018 O14"]
[Site "Halkidiki"]
[Date "2018.10.26"]
[Round "7"]
[White "Stoyanov, Tsvetan"]
[Black "Turgut, Aydin"]
[Result "1-0"]
[ECO "A20"]
[WhiteElo "2340"]
[BlackElo "2156"]
[Annotator "NA"]
[PlyCount "53"]
[EventDate "2018.10.20"]
[EventType "swiss"]
[EventCountry "GRE"]
[SourceTitle "playchess.com"]
[Source "ChessBase"]
[SourceQuality "1"]
[TimeControl "40/5400+30:1800+30"]

1. c4 e5 2. g3 c6 3. Bg2 d5 4. cxd5 cxd5 5. Qb3 Nf6 $11 {[%emt 0:03:37] LiveBook: 23 Games} 6. Nc3 e4 7. f3 Na6 8. fxe4 Nc5 9. Qc2 d4 10. Nd5 Nxd5 11. exd5 d3 12. Qc3 a5 13. b3 Be7 14. Bb2 Bf6 15. Qxc5 Bxb2 16. Rb1 Qf6 17. Nf3 dxe2 18. d4 Bg4 19. Rxb2 Rc8 20. Rxe2+ Kd8 21. Qa3 Rc3 22. Qxa5+ Rc7 23. O-O Bxf3 24. Bxf3 Qxd4+ 25. Kg2 b6 26. Qa8+ Rc8 27. Qb7 1-0

[Event "WYCC 2018 O14"]
[Site "Halkidiki"]
[Date "2018.10.26"]
[Round "7"]
[White "Vettese, Nicholas"]
[Black "Boyer, Mahel"]
[Result "0-1"]
[ECO "C13"]
[WhiteElo "2338"]
[BlackElo "2227"]
[Annotator "NA"]
[PlyCount "126"]
[EventDate "2018.10.20"]
[EventType "swiss"]
[EventCountry "GRE"]
[SourceTitle "playchess.com"]
[Source "ChessBase"]
[SourceQuality "1"]
[TimeControl "40/5400+30:1800+30"]

1. e4 e6 2. d4 d5 3. Nc3 Nf6 4. Bg5 Be7 5. e5 Nfd7 6. h4 h6 7. Bxe7 Qxe7 8. Qd2 a6 9. f4 c5 10. Nf3 Nc6 11. O-O-O b5 $11 12. dxc5 Nxc5 13. Bd3 Bb7 14. f5 b4 15. Ne2 Ne4 16. Bxe4 dxe4 17. f6 gxf6 18. exf6 Qc7 19. Nfd4 O-O-O 20. Qe3 Ne5 21. Rhf1 Kb8 22. Nb3 Ng4 23. Rxd8+ Rxd8 24. Qh3 h5 25. Qg3 Qxg3 26. Nxg3 Ne3 27. Re1 Nxg2 28. Rd1 Rg8 29. Nxh5 e3 30. Nd4 e5 31. Ne2 Bf3 32. Nhg3 Nf4 33. Re1 Bxe2 34. Nxe2 Nxe2+ 35. Kd1 Nd4 36. Rxe3 Rg1+ 37. Kd2 Rh1 38. Rg3 Rf1 39. Rg8+ Kb7 40. c3 bxc3+ 41. bxc3 Nc6 42. h5 Rxf6 43. Rh8 Rf4 44. h6 f5 45. h7 Rh4 46. Ke3 e4 47. Kf2 f4 48. Rf8 Rh2+ 49. Ke1 Rxh7 50. Rxf4 Re7 51. Ke2 e3 52. Rf3 Kb6 53. Rxe3 Rxe3+ 54. Kxe3 Kc5 55. Kd3 Ne7 56. Kc2 Kc4 57. Kb2 Nd5 58. Ka3 Nxc3 59. Kb2 Nb5 60. Kc2 Kb4 61. Kb2 a5 62. Kb1 Kc3 63. Ka1 Kc2 0-1

[Event "WYCC 2018 O14"]
[Site "Halkidiki"]
[Date "2018.10.26"]
[Round "7"]
[White "Huang, Renjie"]
[Black "Juhasz, Agoston"]
[Result "1-0"]
[ECO "B18"]
[WhiteElo "2322"]
[BlackElo "2174"]
[Annotator "NA"]
[PlyCount "87"]
[EventDate "2018.10.20"]
[EventType "swiss"]
[EventCountry "GRE"]
[SourceTitle "playchess.com"]
[Source "ChessBase"]
[SourceQuality "1"]
[TimeControl "40/5400+30:1800+30"]

1. e4 c6 2. d4 d5 3. Nc3 dxe4 4. Nxe4 Bf5 5. Ng3 Bg6 6. Nh3 e6 7. Nf4 Bd6 8. c3 Qc7 9. Qf3 Nf6 10. h4 Nbd7 11. h5 Bc2 12. h6 g6 13. Bd3 $11 {[%emt 0:02:09] LiveBook: 28 Games} Bxd3 14. Nxd3 O-O-O 15. Bg5 Be7 16. O-O-O Qa5 17. Bxf6 Nxf6 18. Ne5 Rhf8 19. Kb1 Qd5 20. Qe2 Nd7 21. f4 g5 22. f5 exf5 23. Nxf5 Bf6 24. Rhe1 Qe6 25. Qg4 Nxe5 26. dxe5 Rxd1+ 27. Rxd1 Bxe5 28. Rf1 Bf6 29. Nd6+ Kd7 30. Ne4 Be7 31. Rf5 Kc8 32. Nxg5 Bxg5 33. Rxg5 f5 34. Qh4 Qe2 35. a3 Rd8 36. Qf4 Qe1+ 37. Ka2 Qe6+ 38. c4 Qxh6 39. Qxf5+ Kb8 40. Rh5 Qc1 41. Qf7 h6 42. Re5 Ka8 43. Re8 Qd2 44. Qg8 1-0

[Event "WYCC 2018 O14"]
[Site "Halkidiki"]
[Date "2018.10.26"]
[Round "7"]
[White "Tanriverdi, Enes"]
[Black "Zhukenov, Aituar"]
[Result "1-0"]
[ECO "E15"]
[WhiteElo "2317"]
[BlackElo "2025"]
[Annotator "NA"]
[PlyCount "37"]
[EventDate "2018.10.20"]
[EventType "swiss"]
[EventCountry "GRE"]
[SourceTitle "playchess.com"]
[Source "ChessBase"]
[SourceQuality "1"]
[TimeControl "40/5400+30:1800+30"]

1. d4 Nf6 2. c4 e6 3. Nf3 b6 4. g3 Ba6 5. b3 Bb4+ 6. Bd2 Be7 7. Nc3 c6 8. e4 d5 9. Bd3 dxe4 10. Nxe4 Nbd7 11. Qe2 $11 {[%emt 0:02:56] LiveBook: 3 Games} c5 12. d5 exd5 13. Nd6+ Kf8 14. Nxf7 Kxf7 15. Ng5+ Ke8 16. Ne6 Qc8 17. Nxg7+ Kf7 18. Qe6+ Kf8 19. Bh6 1-0

[Event "WYCC 2018 O14"]
[Site "Halkidiki"]
[Date "2018.10.26"]
[Round "7"]
[White "Dardha, Daniel"]
[Black "Bassini, Emile"]
[Result "1-0"]
[ECO "A45"]
[WhiteElo "2316"]
[BlackElo "2002"]
[Annotator "NA"]
[PlyCount "87"]
[EventDate "2018.10.20"]
[EventType "swiss"]
[EventCountry "GRE"]
[SourceTitle "playchess.com"]
[Source "ChessBase"]
[SourceQuality "1"]
[TimeControl "40/5400+30:1800+30"]

1. d4 Nf6 2. Bf4 e6 3. e3 d6 4. Nf3 Be7 5. h3 Nbd7 6. Be2 O-O 7. O-O b6 8. Nbd2 Bb7 $11 9. a4 a5 10. c3 Re8 11. Qc2 Bf8 12. Bh2 Rc8 13. b4 c5 14. bxc5 dxc5 15. Rfd1 cxd4 16. Nxd4 Nd5 17. Nb5 Qg5 18. Nf3 Qf6 19. e4 Nxc3 20. Nxc3 Rxc3 21. Qd2 Rxf3 22. Bxf3 Ne5 23. Be2 Bc5 24. Qf4 Nc6 25. Qxf6 gxf6 26. Bb5 Rc8 27. Bd6 Nd4 28. Bxc5 Nxb5 29. Bxb6 Nc3 30. Rd8+ Rxd8 31. Bxd8 Bc6 32. f3 Kg7 33. Bxa5 Nxa4 34. Rc1 Bb5 35. Rc8 Ba6 36. Ra8 Bb5 37. Bb4 Bc6 38. Rc8 Bd7 39. Rd8 Bc6 40. Rb8 Bd7 41. Kf2 f5 42. exf5 exf5 43. Ke3 Be6 44. Kf4 1-0

[Event "WYCC 2018 O14"]
[Site "Halkidiki"]
[Date "2018.10.26"]
[Round "7"]
[White "Gharibyan, Mamikon"]
[Black "Abelakiotis, Stavros"]
[Result "1-0"]
[ECO "D85"]
[WhiteElo "2314"]
[BlackElo "1994"]
[Annotator "NA"]
[PlyCount "97"]
[EventDate "2018.10.20"]
[EventType "swiss"]
[EventCountry "GRE"]
[SourceTitle "playchess.com"]
[Source "ChessBase"]
[SourceQuality "1"]
[TimeControl "40/5400+30:1800+30"]

1. d4 Nf6 2. c4 g6 3. Nc3 d5 4. cxd5 Nxd5 5. e4 Nxc3 6. bxc3 Bg7 7. Be3 c5 8. Qd2 Qa5 9. Nf3 O-O 10. Rc1 cxd4 11. cxd4 Qxd2+ $11 {[%emt 0:00:30] LiveBook: 186 Games} 12. Nxd2 e6 13. Bc4 Bd7 14. Nb3 Rc8 15. Nc5 b5 16. Be2 Be8 17. O-O Nc6 18. Rfd1 Rd8 19. e5 Nb4 20. a3 Nd5 21. Nb7 Rdb8 22. Nd6 Bf8 23. Nxe8 Rxe8 24. Bxb5 Rec8 25. Bc6 Bxa3 26. Bxa8 Bxc1 27. Bxd5 Bxe3 28. fxe3 exd5 29. Ra1 Rc7 30. Ra5 Rd7 31. Kf2 Kf8 32. Ra6 Ke7 33. e4 dxe4 34. Ke3 Rb7 35. Kxe4 Rc7 36. g4 h6 37. h4 Rb7 38. h5 gxh5 39. gxh5 Kf8 40. Rxh6 Kg7 41. Ra6 Rb1 42. h6+ Kg8 43. Rxa7 Rh1 44. d5 Rh4+ 45. Ke3 Kf8 46. d6 Ke8 47. e6 fxe6 48. h7 Kf8 49. h8=Q+ 1-0

[Event "WYCC 2018 O14"]
[Site "Halkidiki"]
[Date "2018.10.26"]
[Round "7"]
[White "Suleymanli, Aydin"]
[Black "Lopez Varela, Pablo"]
[Result "1-0"]
[ECO "A41"]
[WhiteElo "2313"]
[BlackElo "2172"]
[Annotator "NA"]
[PlyCount "95"]
[EventDate "2018.10.20"]
[EventType "swiss"]
[EventCountry "GRE"]
[SourceTitle "playchess.com"]
[Source "ChessBase"]
[SourceQuality "1"]
[TimeControl "40/5400+30:1800+30"]

1. d4 d6 2. c4 e5 3. e3 Nd7 4. Nc3 g6 5. g3 Bg7 6. Bg2 f5 7. Nge2 Ngf6 8. b3 O-O 9. Bb2 c6 10. Qc2 e4 11. O-O-O Nb8 12. d5 c5 13. Nf4 Na6 14. a3 Nc7 15. Rd2 Ng4 16. Kb1 Re8 17. h3 Ne5 18. g4 Nf3 19. Rdd1 Nh4 20. Bf1 Rb8 21. Be2 Qe7 22. Na4 Bxb2 23. Qxb2 Nf3 24. gxf5 Bxf5 25. Nxc5 Ne5 26. Nce6 Bxe6 27. dxe6 Nxe6 28. Nd5 Qg7 29. Nc3 Nc5 30. Rd4 Rf8 31. Rf1 Nf3 32. Bxf3 Rxf3 33. b4 Nd3 34. Qd2 Rbf8 35. Nxe4 Ne5 36. Ng5 R3f6 37. f4 Qc7 38. Rc1 Nc6 39. Rd3 Qe7 40. c5 Rd8 41. b5 Nb8 42. cxd6 Qd7 43. Qa2+ Kh8 44. Qb2 Qf5 45. e4 Qxf4 46. Nf7+ Kg7 47. Nxd8 Qxe4 48. Qd4 1-0

[Event "WYCC 2018 O14"]
[Site "Halkidiki"]
[Date "2018.10.26"]
[Round "7"]
[White "Tsay, Vincent"]
[Black "Fecker, Noah"]
[Result "1-0"]
[ECO "D92"]
[WhiteElo "2310"]
[BlackElo "2184"]
[Annotator "NA"]
[PlyCount "137"]
[EventDate "2018.10.20"]
[EventType "swiss"]
[EventCountry "GRE"]
[SourceTitle "playchess.com"]
[Source "ChessBase"]
[SourceQuality "1"]
[TimeControl "40/5400+30:1800+30"]

1. d4 Nf6 2. c4 g6 3. Nc3 d5 4. Nf3 Bg7 5. Bf4 O-O 6. Rc1 dxc4 7. e3 c5 8. Bxc4 Qa5 9. O-O cxd4 10. Nxd4 Rd8 11. Qf3 Na6 12. Nb3 Qh5 13. Rfd1 Re8 14. Qxh5 Nxh5 15. Bb5 Rf8 16. Nd5 Nxf4 17. Nxe7+ Kh8 18. Rxc8 Raxc8 19. Nxc8 Rxc8 20. Bxa6 bxa6 21. exf4 a5 22. Nxa5 Bxb2 23. g3 Rc2 24. Nb3 Bf6 25. Rd6 Kg7 26. Ra6 Rc7 27. Kg2 Bd8 28. Nd4 Rd7 29. Nf3 Bb6 30. Ra3 Rc7 31. Rd3 Rc1 32. Rd7 Rc2 33. Rd2 Rc7 34. Ne5 Kf6 35. Kf3 Ke6 36. Kg4 f6 37. Nf3 Rc4 38. Kh3 Rc3 39. Kg2 Rc4 40. h3 Ke7 41. Nh2 Ke6 42. h4 Rc5 43. Ng4 Ke7 44. Ne3 Ke6 45. g4 h5 46. f3 f5 47. gxh5 gxh5 48. Re2 Kf6 49. Nf1 Rc6 50. Ng3 Kg6 51. Re5 Bd8 52. Nxf5 Rc2+ 53. Kg3 Rxa2 54. Nd6 a5 55. Re8 Bf6 56. Re6 Kg7 57. Ne8+ Kf7 58. Rxf6+ Kxe8 59. Rh6 a4 60. Rxh5 a3 61. Ra5 Ra1 62. Ra7 a2 63. Kg2 Kf8 64. h5 Kg8 65. f5 Kh8 66. f6 Rb1 67. Rxa2 Rb6 68. Ra8+ Kh7 69. f7 1-0

[Event "WYCC 2018 O14"]
[Site "Halkidiki"]
[Date "2018.10.26"]
[Round "7"]
[White "Popov, Konstantin"]
[Black "Misyura, Ilya"]
[Result "1-0"]
[ECO "E91"]
[WhiteElo "2304"]
[BlackElo "1967"]
[Annotator "NA"]
[PlyCount "83"]
[EventDate "2018.10.20"]
[EventType "swiss"]
[EventCountry "GRE"]
[SourceTitle "playchess.com"]
[Source "ChessBase"]
[SourceQuality "1"]
[TimeControl "40/5400+30:1800+30"]

1. d4 Nf6 2. c4 g6 3. Nc3 Bg7 4. e4 d6 5. Nf3 O-O 6. Be2 c5 7. O-O Nc6 8. d5 Na5 9. Qc2 e5 10. dxe6 Bxe6 11. b3 Nxe4 12. Nxe4 Bxa1 13. Bg5 f6 14. Bh6 Be5 15. Nxe5 dxe5 16. Qc3 b6 17. Bxf8 Kxf8 18. Rd1 Qe7 19. Qf3 Rd8 20. Rxd8+ Qxd8 21. Nxf6 Kg7 22. Ne4 Bf5 23. g4 Bc8 24. h4 Qxh4 25. Nd6 Be6 26. Qe3 Nc6 27. Bf3 Nd4 28. Qxe5+ Kg8 29. Bd1 Qe7 30. Ne4 Nc6 31. Qf4 Kg7 32. Bf3 Nd4 33. Qe5+ Kg8 34. Bg2 Nc6 35. Qf4 Nd4 36. Qb8+ Kg7 37. Qe5+ Kg8 38. g5 Nc6 39. Nf6+ Kf7 40. Bxc6 Qd8 41. Be8+ Ke7 42. Bd7 1-0

[Event "WYCC 2018 O14"]
[Site "Halkidiki"]
[Date "2018.10.26"]
[Round "7"]
[White "Tadic, Stefan"]
[Black "Dao, Minh Nhat"]
[Result "0-1"]
[ECO "C11"]
[WhiteElo "2295"]
[BlackElo "1956"]
[Annotator "NA"]
[PlyCount "128"]
[EventDate "2018.10.20"]
[EventType "swiss"]
[EventCountry "GRE"]
[SourceTitle "playchess.com"]
[Source "ChessBase"]
[SourceQuality "1"]
[TimeControl "40/5400+30:1800+30"]

1. e4 e6 2. d4 d5 3. Nc3 Nf6 4. e5 Nfd7 5. f4 c5 6. Nf3 Nc6 7. Be3 cxd4 8. Nxd4 Bc5 9. Qd2 O-O 10. O-O-O Nxd4 11. Bxd4 a6 12. h4 b5 13. h5 Qb6 14. Bxc5 Nxc5 15. Bd3 Bd7 16. Ne2 b4 17. Nd4 Rfc8 18. f5 Nxd3+ 19. Qxd3 exf5 20. Nxf5 Bxf5 21. Qxf5 Qe6 22. Qf4 Rc4 23. Qf3 Rac8 24. Rxd5 Qc6 25. Qd1 Rxc2+ 26. Kb1 Qe8 27. Qg4 Qc6 28. Qd1 Qa8 29. Rf1 h6 30. Qf3 R2c7 31. Rfd1 Re8 32. Qg4 Qc6 33. Qe2 Rce7 34. Rd8 Qe6 35. R1d5 Qf5+ 36. Ka1 Qg5 37. Kb1 Qf5+ 38. Ka1 Qg5 39. Kb1 Qf5+ 40. Ka1 Qg5 41. Kb1 Qf5+ 42. Ka1 Rxd8 43. Rxd8+ Kh7 44. Rd5 Rc7 45. Qd1 Qxh5 46. Kb1 Qxd1+ 47. Rxd1 Rc5 48. Rd7 Rxe5 49. Rxf7 Rc5 50. Rb7 a5 51. a4 Kg6 52. Rb5 Rg5 53. g4 Kf6 54. Kc2 Ke6 55. Rxg5 hxg5 56. Kd2 Ke5 57. Ke3 b3 58. Kf3 Kd4 59. Ke2 Ke4 60. Kd2 Kf4 61. Kc3 Kxg4 62. Kxb3 Kh3 63. Kc4 g4 64. b4 g3 0-1

[Event "WYCC 2018 O14"]
[Site "Halkidiki"]
[Date "2018.10.26"]
[Round "7"]
[White "Cohen Revivo, Shoham"]
[Black "Naqopia, Giorgi"]
[Result "1-0"]
[ECO "C41"]
[WhiteElo "2289"]
[BlackElo "1857"]
[Annotator "NA"]
[PlyCount "67"]
[EventDate "2018.10.20"]
[EventType "swiss"]
[EventCountry "GRE"]
[SourceTitle "playchess.com"]
[Source "ChessBase"]
[SourceQuality "1"]
[TimeControl "40/5400+30:1800+30"]

1. e4 d6 2. d4 Nf6 3. Nc3 e5 4. Nf3 Nbd7 5. Bc4 Be7 6. a4 O-O 7. O-O c6 8. a5 Rb8 9. Qe2 b5 10. axb6 axb6 11. d5 cxd5 12. Nxd5 Bb7 13. Rd1 Nc5 14. Nxf6+ Bxf6 15. Bd5 Bxd5 16. Rxd5 Qc7 17. Bd2 Ne6 18. c3 Ra8 19. Rd1 Ra2 20. Be3 Be7 21. Qb5 Rb8 22. Qb3 Ra5 23. Nd2 b5 24. Nb1 Qc6 25. f3 Nc7 26. R5d2 Ra4 27. Na3 Na6 28. Nc2 b4 29. c4 Ra5 30. Rd5 Rxd5 31. exd5 Qb7 32. Ra1 Bd8 33. Qa4 b3 34. Qe8# 1-0

[Event "WYCC 2018 O14"]
[Site "Halkidiki"]
[Date "2018.10.26"]
[Round "7"]
[White "Gines Esteo, Pedro Antonio"]
[Black "Cardoso Cardoso, Jose Gabriel"]
[Result "1-0"]
[ECO "E15"]
[WhiteElo "2288"]
[BlackElo "2313"]
[Annotator "NA"]
[PlyCount "117"]
[EventDate "2018.10.20"]
[EventType "swiss"]
[EventCountry "GRE"]
[SourceTitle "playchess.com"]
[Source "ChessBase"]
[SourceQuality "1"]
[TimeControl "40/5400+30:1800+30"]

1. d4 Nf6 2. c4 e6 3. Nf3 b6 4. g3 Ba6 5. Qa4 Bb7 6. Bg2 c5 7. dxc5 bxc5 8. O-O Be7 9. Rd1 O-O 10. Nc3 Qb6 11. Bf4 Rd8 12. Rd2 h6 13. Rad1 d6 $11 14. Qb3 Ne8 15. Qc2 Nc6 16. b3 Rac8 17. Qb1 Ba8 18. h4 Qa5 19. Qc2 e5 20. Be3 Nd4 21. Qb2 Nf6 22. Ne1 d5 23. cxd5 Nxd5 24. Nxd5 Bxd5 25. Bxd5 Rxd5 26. Rc1 Rcd8 27. Qc3 Qa6 28. Qc4 Qg6 29. Kh2 Qh5 30. f3 Kh8 31. Rcd1 f5 32. Ng2 g5 33. Bxd4 exd4 34. e4 fxe4 35. fxe4 gxh4 36. Nf4 Qg4 37. exd5 hxg3+ 38. Kg1 Qxf4 39. Qe2 Bg5 40. Rd3 Rxd5 41. Qe8+ Kg7 42. Rf1 Rd8 43. Qe6 Rd6 44. Qe2 Qh4 45. Qe5+ Rf6 46. Rxg3 Kf7 47. Rxf6+ Bxf6 48. Qd5+ Ke7 49. Qxc5+ Ke6 50. Qc6+ Ke5 51. Qc7+ Ke6 52. Qc4+ Ke7 53. Qe2+ Kd6 54. Kg2 Be5 55. Rg6+ Kd5 56. Qf3+ Kc5 57. Qc6+ Kb4 58. Qc4+ Ka3 59. Qc5+ 1-0

[Event "WYCC 2018 O14"]
[Site "Halkidiki"]
[Date "2018.10.26"]
[Round "7"]
[White "Kushagra Mohan"]
[Black "Ozenir, Ekin Baris"]
[Result "1-0"]
[ECO "B00"]
[WhiteElo "2283"]
[BlackElo "2293"]
[Annotator "NA"]
[PlyCount "65"]
[EventDate "2018.10.20"]
[EventType "swiss"]
[EventCountry "GRE"]
[SourceTitle "playchess.com"]
[Source "ChessBase"]
[SourceQuality "1"]
[TimeControl "40/5400+30:1800+30"]

1. e4 Nc6 2. Nf3 d6 3. d4 Nf6 4. Nc3 g6 5. d5 Nb8 6. h3 Bg7 7. Bc4 O-O 8. O-O e5 {[%emt 0:04:05] LiveBook: 3 Games} 9. Bg5 h6 10. Be3 Nbd7 11. Qd2 Kh7 $14 12. Ne1 Ng8 13. Nd3 Ne7 14. f4 exf4 15. Rxf4 g5 16. Rf2 Ng6 17. Raf1 Qe7 18. Qe2 Nde5 19. Nxe5 Nxe5 20. Bd3 g4 21. hxg4 Nxg4 22. Rf3 Nxe3 23. Qxe3 Kg8 24. Rg3 Kh8 25. Ne2 c5 26. c3 Bd7 27. Nf4 Qe5 28. Be2 Kh7 29. Nh5 Bh8 30. Rf4 Rae8 31. Rh4 f5 32. Qxh6+ Kxh6 33. Nf6# 1-0

[Event "WYCC 2018 O14"]
[Site "Halkidiki"]
[Date "2018.10.26"]
[Round "7"]
[White "Subelj, Jan"]
[Black "Horobrijs, Daniils"]
[Result "1-0"]
[ECO "B20"]
[WhiteElo "2281"]
[BlackElo "1918"]
[Annotator "NA"]
[PlyCount "49"]
[EventDate "2018.10.20"]
[EventType "swiss"]
[EventCountry "GRE"]
[SourceTitle "playchess.com"]
[Source "ChessBase"]
[SourceQuality "1"]
[TimeControl "40/5400+30:1800+30"]

1. e4 c5 2. Na3 Nc6 3. Bb5 g6 4. c3 Nf6 5. d3 Bg7 6. f4 O-O 7. Nf3 a6 8. Bxc6 bxc6 9. O-O Qc7 10. Qe1 Nh5 11. Qh4 Bf6 12. Ng5 h6 13. g4 Nxf4 14. Bxf4 hxg5 15. Bxg5 Bxg5 16. Qxg5 d5 17. Rae1 Qd6 18. e5 Qe6 19. Rf4 Kg7 20. Nc2 d4 21. cxd4 Qxa2 22. Qxe7 Qxb2 23. Qf6+ Kg8 24. g5 Qxc2 25. Rh4 1-0